 Dungeon Crawl Stone Soup version 0.22-a0-553-g9358b0b (webtiles) character file.

3373 inc the Magician (level 10, 0/64 (65) HPs)
             Began as an Octopode Ice Elementalist on June 25, 2018.
             Was an Initiate of Gozag.
             Engulfed by a steam dragon's steam (7 damage)
             ... on level 7 of the Dungeon.
             The game lasted 00:22:23 (9361 turns).

inc the Magician (Octopode Ice Elementalist)        Turns: 9361, Time: 00:22:24

HP:   0/64 (65)     AC:  2    Str:  7    XL:     10   Next: 3%
MP:   5/20          EV: 18    Int: 22    God:    Gozag
Gold: 1151          SH:  0    Dex: 12    Spells: 14/22 levels left

rFire    . . .     SeeInvis .   b - staff of energy
rCold    . . .     Gourm    .   (no shield)
rNeg     . . .     Faith    .   (helmet restricted)
rPois    .         Spirit   .   i - amulet of inaccuracy
rElec    .         Reflect  .   h - +3 ring of evasion
rCorr    .         Harm     .   p - ring of wizardry
MR       .....     Rnd*Tele +   (no ring)
Stlth    +++.......             (no ring)
HPRegen  0.20/turn              (no ring)
MPRegen  0.17/turn              (no ring)
                                (no ring)
                                (no ring)

@: very slightly contaminated
A: almost no armour, stealthy swim, amphibious, 8 rings, constrict 8, antennae
1, tentacle spike 1, repulsion field 1, camouflage 1, shaggy fur 1, teleportitis
1, gelatinous body 1
a: Potion Petition, Call Merchant, Bribe Branch, Renounce Religion


You were on level 7 of the Dungeon.
You worshipped Gozag.
Gozag was most pleased with you.
You were full.

You visited 2 branches of the dungeon, and saw 8 of its levels.
You also visited: Sewer and Ossuary.

You collected 1243 gold pieces.
You paid 92 gold pieces to Gozag.

Inventory:

Hand Weapons
 a - the +11 short sword of Fortitude {pain, rElec Int+2}
   (You found it on level 4 of the Dungeon)

   In the hands of one skilled in necromantic magic, it inflicts extra damage on
   living creatures.
   It affects your intelligence (+2).
   It insulates you from electricity.
 d - a +0 short sword
 g - a -2 dagger
 j - a +2 short sword of draining
 n - a cursed -1 dagger
 t - a +1 hand axe of chopping
 C - a cursed -1 hand axe
 F - a +1 whip of electrocution
 I - a +2 mace of holy wrath
Armour
 y - a +0 shield
Magical Staves
 b - an uncursed staff of energy (weapon)
Jewellery
 h - a +3 ring of evasion (left tentacle)
 i - an amulet of inaccuracy (around mantle)
 p - a ring of wizardry (right tentacle)
 D - an uncursed ring of fire
Scrolls
 l - 4 scrolls of teleportation
 m - 5 scrolls of identify
 w - a scroll of fear
 A - a scroll of noise {unknown}
 B - a scroll of amnesia
 G - 2 scrolls of remove curse
 H - 2 scrolls of magic mapping
Potions
 e - a potion of brilliance
 f - 2 potions of resistance
 k - 3 potions of invisibility
 o - 2 potions of lignification
 q - 6 potions of degeneration {unknown}
 r - a potion of berserk rage
 s - a potion of might {unknown}
 u - 5 potions of curing
 v - a potion of agility
 x - a potion of flight {unknown}
 z - a potion of haste {unknown}
 E - 2 potions of ambrosia {unknown}
Comestibles
 c - 8 rations


   Skills:
 - Level 4.6 Fighting
 + Level 6.6 Short Blades
 - Level 2.0 Dodging
 - Level 2.6 Stealth
 - Level 6.9 Spellcasting
   Level 1.0 Conjurations
 - Level 5.8 Summonings
 - Level 6.6 Ice Magic


You had 14 spell levels left.
You knew the following spells:

 Your Spells              Type           Power        Failure   Level  Hunger
a - Freeze                Ice            ####         1%          1    None
b - Ozocubu's Armour      Chrm/Ice       ###.....     2%          3    None
c - Summon Ice Beast      Ice/Summ       #####...     2%          4    None

Your spell library contained the following spells:

 Spells                   Type           Power        Failure   Level  Hunger
 Throw Frost              Conj/Ice       ###...       1%          2    None
 Throw Icicle             Conj/Ice       ###.....     7%          4    None


Dungeon Overview and Level Annotations

Branches:
Dungeon (7/15)             Temple (1/1) D:4

Altars:
Ashenzari
Cheibriados
Dithmenos
Elyvilon
Fedhas
Gozag
Hepliaklqana
Kikubaaqudgha
Okawaru
Qazlal
Ru
Sif Muna
Trog
Uskayaw
Vehumet
Wu Jian
Xom
Yredelemnul
Zin
The Shining One
Lugonu

Shops:
D:5 [


Innate Abilities, Weirdness & Mutations

You cannot wear most types of armour.
You are very stealthy in the water. (Stealth+)
You are amphibious.
You can wear up to eight rings at the same time.
You can use your tentacles to constrict eight enemies at once.
Your skin changes colour to match your surroundings (Stealth+).
Your rubbery body absorbs attacks. (AC +1, EV +1)
You have a pair of small antennae on your head.
One of your tentacles bears a spike.
You are surrounded by a mild repulsion field. (EV +2)
You are covered in fur. (AC +1)
You are occasionally teleported next to monsters.


Message History

The steam dragon bites your ice beast.
The steam dragon barely misses your ice beast.
Your ice beast hits the steam dragon but does no damage.
The steam dragon bites your ice beast.
The steam dragon closely misses your ice beast.
Your ice beast hits the steam dragon but does no damage.
The steam dragon barely misses your ice beast.
The steam dragon claws your ice beast.
Your ice beast hits the steam dragon.
Your ice beast freezes the steam dragon!
The steam dragon breathes steam at your ice beast.
The ball of steam hits your ice beast. The ball of steam hits you!
Your ice beast is engulfed in a cloud of scalding steam.
Your ice beast dies!
The steam dragon breathes steam at you. The ball of steam hits you!
* * * LOW HITPOINT WARNING * * *
There is a stone staircase leading up here.
You are engulfed in a cloud of scalding steam.
You die...
Your body crumbles into a pile of gold.

.................#.........#
.................#......(..#
...........................#
..........(.......##########
.#...............##
........##.....#.#######
...##.#.#####.##.#.....#
......[................#
##..........>D§§@§§....##########
##...............(((..##........
##.......###.###.#......#........
#.........#...##.#####.(#........
.......§..##.##..# ##..........
#...§....##...##.######...(......
.........#.....###≈≈≈≈####.......
.........#≈.⌠..##.....≈≈≈##z..<..
(#.......#§≈...#....#...≈≈#..Y..(


There were no monsters in sight!

Vanquished Creatures
  A hippogriff (D:7)
  A hungry ghost (D:7)
  A sky beast (D:5)
  An ice beast (D:7)
  A phantom (D:7)
  A slave (D:5)
  A necrophage (D:7)
  An ogre (D:7)
  A centaur (D:7)
  2 crocodiles
  A bullfrog (D:6)
  A gnoll sergeant (D:6)
  A water moccasin zombie (Ossuary)
  A wight (D:7)
  2 howler monkeys (D:7)
  2 crimson imps
  2 bullfrog zombies
  A jelly (D:7)
  4 hounds
  2 orc priests
  3 orc wizards
  A centaur skeleton (D:6)
  Jessica (D:2)
  2 iguanas (D:4)
  3 worker ants
  2 killer bee zombies
  3 hound zombies (Ossuary)
  3 mummies
  4 worker ant zombies (Ossuary)
  2 river rats (D:3)
  17 adders
  A shadow imp (D:5)
  2 adder zombies
  An ooze (D:1)
  An adder skeleton (D:5)
  2 worms
  3 dart slugs
  4 leopard geckos
  20 orcs
  3 ball pythons
  14 bats
  9 giant cockroaches
  7 goblins
  5 hobgoblins
  8 kobolds
  A quokka (D:4)
  5 frilled lizards
  A leopard gecko zombie (Ossuary)
  13 rats
169 creatures vanquished.

Vanquished Creatures (collateral kills)
  Pikel (D:5)
  Grinder (D:3)
  2 steam dragons (D:7)
  Purgy (D:4)
  2 ice beasts (D:5)
  A slave (D:6)
  A phantom (D:5)
  A water moccasin zombie (Ossuary)
  A wyvern skeleton (D:7)
  A howler monkey (D:7)
  5 wights
  A quasit (D:6)
  3 centaur zombies (Ossuary)
  A hound (D:6)
  A jelly (D:7)
  5 hound zombies (Ossuary)
  13 mummies (Ossuary)
  A howler monkey zombie (D:5)
  A worker ant zombie (Ossuary)
  5 gnolls (D:6)
  An adder (D:7)
  An adder zombie (Ossuary)
  2 orcs (D:6)
  A jackal zombie (Ossuary)
  A leopard gecko zombie (Ossuary)
54 creatures vanquished.

Vanquished Creatures (others)
  A killer bee zombie (D:6)
  A worm (D:4)
2 creatures vanquished.

Grand Total: 225 creatures vanquished

Notes
Turn   | Place    | Note
-------+----------+-------------------------------------------
     0 | D:1      | inc the Octopode Ice Elementalist began the quest for the Orb.
     0 | D:1      | Reached XP level 1. HP: 11/11 MP: 3/3
   198 | D:1      | Reached XP level 2. HP: 15/17 MP: 5/5
   806 | D:1      | Reached XP level 3. HP: 13/21 MP: 1/6
  1463 | D:2      | Found a glowing golden altar of the Shining One.
  1537 | D:2      | Reached XP level 4. HP: 22/27 MP: 2/7
  1699 | D:2      | Reached skill level 5 in Ice Magic
  1965 | D:2      | Noticed Jessica
  1974 | D:2      | Killed Jessica
  1974 | D:2      | Reached XP level 5. HP: 21/31 MP: 5/8
  2525 | D:3      | Found a glowing drain.
  2631 | D:3      | Reached XP level 6. HP: 30/36 MP: 1/9
  2640 | Sewer    | Entered a sewer
  2754 | Sewer    | Learned a level 3 spell: Ozocubu's Armour
  2759 | Sewer    | Learned a level 4 spell: Summon Ice Beast
  3474 | D:3      | Noticed Grinder
  3480 | D:3      | Gained mutation: You are occasionally teleported next to monsters. [potion of mutation]
  3480 | D:3      | Gained mutation: You possess an exceptional clarity of mind. [potion of mutation]
  3480 | D:3      | Gained mutation: You are surrounded by a mild repulsion field. (EV +2) [potion of mutation]
  3493 | D:3      | Paralysed by Grinder for 5 turns
  3510 | D:3      | Paralysed by Grinder for 5 turns
  3525 | D:3      | Killed Grinder
  3525 | D:3      | Reached XP level 7. HP: 8/41 MP: 2/10
  4020 | D:4      | Reached skill level 5 in Summonings
  4252 | D:4      | Noticed Purgy
  4267 | D:4      | Killed Purgy
  4582 | D:4      | Got a polished short sword
  4671 | D:4      | Found a staircase to the Ecumenical Temple.
  4775 | D:4      | Found a radiant altar of Vehumet.
  4780 | Temple   | Entered the Ecumenical Temple
  4797 | Temple   | Became a worshipper of Gozag Ym Sagoz the Greedy
  4975 | D:4      | Found a deep blue altar of Sif Muna.
  4979 | D:4      | Found a shadowy altar of Dithmenos.
  4982 | D:4      | Found a white marble altar of Elyvilon.
  5006 | D:5      | Entered Level 5 of the Dungeon
  5047 | D:5      | Found a blossoming altar of Fedhas.
  5053 | D:5      | Found a sand-covered staircase.
  5064 | Ossuary  | Entered an ossuary
  5130 | Ossuary  | Reached XP level 8. HP: 17/46 MP: 1/12
  5947 | Ossuary  | Lost mutation: You possess an exceptional clarity of mind. [potion of mutation]
  5947 | Ossuary  | Gained mutation: You have a pair of small antennae on your head. [potion of mutation]
  5947 | Ossuary  | Gained mutation: You are covered in fur. (AC +1) [potion of mutation]
  5947 | Ossuary  | Gained mutation: One of your tentacles bears a spike. [potion of mutation]
  5975 | D:5      | Reached skill level 5 in Spellcasting
  6260 | D:5      | Reached skill level 1 in Fighting
  6288 | D:5      | Found Fuafefechu's Antique Armour Shop.
  6339 | D:5      | Found an ornate altar of the Wu Jian Council.
  6829 | D:5      | Reached XP level 9. HP: 54/58 MP: 6/17
  7096 | D:6      | Noticed Pikel
  7246 | D:6      | Found an ancient bone altar of Kikubaaqudgha.
  7260 | D:6      | Found a sacrificial altar of Ru.
  7596 | D:5      | Killed Pikel
  7757 | D:5      | Identified the +11 short sword of Fortitude {pain, rElec Int+2} (You found it on level 4 of the Dungeon)
  7783 | D:6      | Reached skill level 1 in Short Blades
  8024 | D:6      | Found a hide-covered altar of Uskayaw.
  8791 | D:7      | Found a stormy altar of Qazlal.
  8831 | D:7      | Reached skill level 5 in Short Blades
  8835 | D:7      | Found a hide-covered altar of Uskayaw.
  9107 | D:7      | Reached XP level 10. HP: 25/64 MP: 14/20
  9255 | D:7      | Found a snail-covered altar of Cheibriados.
  9361 | D:7      | Engulfed by a steam dragon's steam

Vault maps used:
D:1:      enne_arrival_octagon_isle
D:2:      lemuel_doored_altar, first_ration, st_stairs_1, uniq_jessica
D:3:      portal_sewer_entry_c, grunt_decor_fettered, uniq_grinder
D:4:      grunt_temple_overflow_diamond, fiery_altar_vehumet,
          minmay_temple_entry_statues, uniq_purgy
D:5:      old_standard_altar, serial_shops, shop, basic_altar,
          nicolae_ossuary_entry_monument
D:6:      eat_drink_and_be_merry_uskayaw, grunt_temple_overflow_open, uniq_pikel
D:7:      cheibrodos_steamvent, overflow_temple_1_default, slow_altar_1,
          basic_altar
Temple:   corrupted_temple
Sewer:    sewer_big_baddie
Ossuary:  ossuary_zaba_flooded

Skill      XL: |  1  2  3  4  5  6  7  8  9 |
---------------+----------------------------+-----
Ice Magic      | 4 5 6 |  6.6
Summonings     | 4 5 |  5.8
Spellcasting   | 5 6 |  6.9
Fighting       | 3 4 |  4.6
Short Blades   | 6 |  6.6
Dodging        | |  2.0
Stealth        | |  2.6
Conjurations   | |  1.0

Action                   |  1- 3 |  4- 6 |  7- 9 | 10-12 || total
-------------------------+-------+-------+-------+-------++-------
Melee: Unarmed           |    22 |       |       |       ||    22
       Constrict         |     9 |    11 |    39 |     1 ||    60
       Tentacles         |     4 |     6 |    44 |       ||    54
       Short sword       |    15 |       |    82 |     4 ||   101
       Dagger            |    14 |    67 |   199 |       ||   280
       Kick              |       |       |    25 |       ||    25
 Cast: Freeze            |    21 |    83 |    58 |       ||   162
       Summon Ice Beast  |       |     2 |    58 |     5 ||    65
       Ozocubu's Armour  |       |       |     8 |       ||     8
  Use: Scroll            |     3 |     2 |     6 |       ||    11
       Potion            |       |     6 |     2 |       ||     8
 Stab: Sleeping          |     9 |    14 |    10 |       ||    33
       Invisible         |       |     1 |       |       ||     1
       Distracted        |       |       |     3 |       ||     3
  Eat: Chunk             |     2 |     7 |     4 |       ||    13
       Ration            |       |       |     9 |       ||     9
Armor: Skin              |     6 |    30 |    23 |       ||    59
Dodge: Dodged            |    53 |   100 |   318 |     1 ||   472

Table legend:
 A = Spawn XP
 B = Non-spawn XP
 C = Spawn XP percentage of total XP
 D = Spawn monster count
 E = Non-spawn monster count
 F = Spawn count percentage of total count
 G = Total turns spent on level
                    A         B        C        D         E        F      G
               +---------+---------+-------+---------+---------+-------+---------
         Total |       0 |    4819 |   0.0 |       0 |     221 |   0.0 |  9361
               +---------+---------+-------+---------+---------+-------+---------
           D:1 |       0 |      40 |   0.0 |       0 |      22 |   0.0 |  1384
           D:2 |       0 |     163 |   0.0 |       0 |      25 |   0.0 |   905
           D:3 |       0 |     503 |   0.0 |       0 |      46 |   0.0 |  1335
           D:4 |       0 |     269 |   0.0 |       0 |      11 |   0.0 |   959
           D:5 |       0 |    1149 |   0.0 |       0 |      24 |   0.0 |  1405
           D:6 |       0 |     488 |   0.0 |       0 |      22 |   0.0 |  1077
           D:7 |       0 |    1498 |   0.0 |       0 |      25 |   0.0 |   971
         Sewer |       0 |     111 |   0.0 |       0 |       6 |   0.0 |   374
       Ossuary |       0 |     598 |   0.0 |       0 |      40 |   0.0 |   902
               +---------+---------+-------+---------+---------+-------+---------
